 Dungeon Crawl Stone Soup version 0.31-a0-210-gccc998d (webtiles) character file.

Game seed: 16237093497628066570

91 Dawnplanks the Shield-Bearer (level 4, -1/37 HPs)
             Began as a Formicid Fighter on June 29, 2023.
             Slain by a gnoll
             ... wielding a +0 spear
              (5 damage)
             ... on level 2 of the Dungeon.
             The game lasted 00:02:20 (1181 turns).

Dawnplanks the Shield-Bearer (Formicid Fighter)     Turns: 1181, Time: 00:02:21

Health: -1/37      AC:  7    Str: 21    XL:     4   Next: 87%
Magic:  4/4        EV:  9    Int:  7    God:
Gold:   72         SH:  5    Dex: 15    Spells: 3/3 levels left

rFire   . . .        a - +0 long sword
rCold   . . .        c - +0 buckler
rNeg    . . .        b - +0 scale mail
rPois   .            (helmet unavailable)
rElec   .            (no cloak)
rCorr   .            (no gloves)
SInv    +            (no boots)
Will    .....        (no amulet) Stlth
                     (no ring)
HPRegen 0.26/turn    (no ring)
MPRegen 0.09/turn

%: no passive effects
@: mighty
A: permanent stasis, dig shafts and tunnels, antennae 3, four strong arms
a: Dig, Shaft Self


You were on level 2 of the Dungeon.
You visited 1 branch of the dungeon, and saw 2 of its levels.

You collected 72 gold pieces.

Inventory:

Hand Weapons
 a - a +0 long sword (weapon)
Armour
 b - a +0 scale mail (worn)
 c - a +0 buckler (worn)
Scrolls
 e - a scroll of fear {unknown}
 f - a scroll of identify {unknown}
 i - a scroll of blinking {unknown}
 k - a scroll of acquirement {unknown}
Potions
 g - 2 potions of cancellation {unknown}
 h - a potion of lignification {unknown}
 j - a potion of resistance {unknown}


   Skills:
 + Level 3.8 Fighting
 + Level 3.2 Long Blades
 + Level 3.7 Armour
 + Level 1.0 Dodging
 + Level 4.5 Shields


You had 3 spell levels left.
You didn't know any spells.
Your spell library contained the following spells:

 Spells                   Type           Power      Damage    Failure   Level
 Ignite Poison            Fire/Tmut/Pois 0%         N/A       99%         3
 Sticky Flame             Conj/Fire      0%         2d3       100%        4
 Ignition                 Fire           0%         3d3       100%        8


Dungeon Overview and Level Annotations

Branches:
Dungeon (2/15)

Altars:


Innate Abilities, Weirdness & Mutations

You cannot be hasted, slowed, berserked, paralysed or teleported.
You can dig through walls and to a lower floor.
You have a pair of large antennae on your head. (SInv)
Your four strong arms can wield two-handed weapons with a shield.


Message History

The gnoll is almost dead.
The gnoll barely misses you.
You barely miss the gnoll.
The gnoll is almost dead.
The gnoll hits you with a +0 flail! The gnoll hits you with a +0 flail.
You are too injured to fight recklessly!
You feel very mighty all of a sudden. The gnoll hits you but does no damage.
You slash the gnoll!
You kill the gnoll!
You block the adder's attack.
Your Long Blades skill increases to level 3!
You barely miss the adder. You block the adder's attack.
The gnoll hits you from afar with a +0 spear.
The adder completely misses you.
You are too injured to fight recklessly!
You are too injured to fight recklessly!
You are too injured to fight recklessly!
You slash the adder!
You kill the adder!
The gnoll misses you.
Your Dodging skill increases to level 1!
The gnoll hits you but does no damage. The gnoll hits you with a +0 club.
Things that are here:
a +0 flail; a gnoll corpse You slash the gnoll!
The gnoll is heavily wounded.
The gnoll hits you from afar with a +0 spear.
* * * LOW HITPOINT WARNING * * *
The gnoll hits you but does no damage.
You slice the gnoll!!
You kill the gnoll!
The gnoll hits you from afar with a +0 spear.
* * * LOW HITPOINT WARNING * * *
The gnoll hits you with a +0 spear.
* * * LOW HITPOINT WARNING * * *
Things that are here:
a +0 club; a throwing net You closely miss the gnoll.
The gnoll hits you with a +0 spear.
You die...

.........# ....
.........##########....
.........'.............
.........#######.......
.........#.....#....#
######.....#......#.##..
#######............
#..##)##..#. #..##@# .
#......g.......
#....##.#....#.
#..#.##........
#........ .###. ..####
#.# ..#


You could see a gnoll.

Vanquished Creatures
  2 gnolls (D:2)
  2 adders (D:2)
  5 endoplasms
  3 giant cockroaches
  6 goblins
  7 hobgoblins
  3 jackals (D:2)
  2 kobolds (D:1)
  2 quokkas
  4 ball pythons
  3 bats
  3 frilled lizards (D:1)
  5 rats
47 creatures vanquished.

Notes
Turn   | Place    | Note
-------+----------+-------------------------------------------
     0 | D:1      | Dawnplanks the Formicid Fighter began the quest for the
                  | Orb.
     0 | D:1      | Reached XP level 1. HP: 18/18 MP: 1/1
    63 | D:1      | Reached XP level 2. HP: 19/24 MP: 2/2
   261 | D:1      | Reached XP level 3. HP: 30/30 MP: 3/3
   401 | D:1      | Found a faded altar of an unknown god.
  1041 | D:2      | Reached XP level 4. HP: 34/37 MP: 4/4
  1177 | D:2      | Reached skill level 1 in Dodging
  1181 | D:2      | Slain by a gnoll

Illustrated notes

Levels and vault maps discovered:
D:1:      dpeg_arrival_simpleton_a, layout_loops_ring,
          shapermc_ecumenical_altar_pompeii
D:2:      layout_basic, basic_altar, hangedman_abyss_or_decor_lesser_grid,
          minmay_bisected

Skill      XL: |  1  2  3  4 |
---------------+-------------+-----
Long Blades    | 3 |  3.2
Dodging        | 1 |  1.0
Fighting       | |  3.8
Armour         | |  3.7
Shields        | |  4.5

Action                     |  1- 3 |  4- 6 || total
---------------------------+-------+-------++-------
  Melee: Long sword        |   128 |    24 ||   152
    Use: Potion            |       |     1 ||     1
 Armour: Scale mail        |    66 |    14 ||    80
  Dodge: Dodged            |    56 |    10 ||    66
  Block: Buckler           |    33 |     5 ||    38

Table legend: (Time is in decaauts)
 A = Elapsed time spent in this place.
 B = Non-inter-level travel time spent in this place.
 C = Inter-level travel time spent in this place.
 D = Time resting spent in this place.
 E = Time spent auto-exploring this place.
 F = Levels seen in this place.
 G = Mean time per level.
                   A        B        C        D        E       F      G
               +--------+--------+--------+--------+--------+-----+--------+
         Total |   1228 |   1164 |     64 |      0 |    839 |   2 |  614.0 |
       Dungeon |   1228 |   1164 |     64 |      0 |    839 |   2 |  614.0 |
               +--------+--------+--------+--------+--------+-----+--------+

Top non-repeatable levels by time:
     D:1: 961 daAuts
     D:2: 266 daAuts
